 Dungeon Crawl Stone Soup version 0.19.0 (webtiles) character file.

161 CanadianGator the Cutter (level 5, -2/33 HPs)
             Began as a Kobold Monk on Nov 23, 2016.
             Slain by a quokka (3 damage)
             ... on level 4 of the Dungeon.
             The game lasted 00:08:38 (3116 turns).

CanadianGator the Cutter (Kobold Monk)              Turns: 3116, Time: 00:08:40

Health: -2/33      AC:  3    Str:  9    XL:     5   Next: 70%
Magic:  0/5        EV: 17    Int: 11    God:
Gold:   168        SH:  0    Dex: 18    Spells: 0 memorised, 4 levels left

rFire  . . .     SeeInvis .     a - +0 short sword
rCold  . . .     Gourm    .     r - +1 robe {rN+}
rNeg   + . .     Faith    .     (shield restricted)
rPois  .         Spirit   +     p - +0 hat
rElec  .         Reflect  .     (no cloak)
rCorr  .         Harm     .     (no gloves)
MR     +....                    (no boots)
Stlth  +++.......               t - amulet of guardian spirit
                                (no ring)
                                f - ring of protection from magic

@: flying
A: carnivore 3
a: no special abilities


You were on level 4 of the Dungeon.
You were full.

You visited 1 branch of the dungeon, and saw 4 of its levels.

You collected 168 gold pieces.

Inventory:

Hand Weapons
 a - a +0 short sword (weapon)
 h - a +0 dagger
Missiles
 o - 38 bolts
Armour
 b - a +0 robe
 p - a +0 hat (worn)
 r - a +1 robe of positive energy (worn)
Jewellery
 f - a ring of protection from magic (left hand)
 t - an amulet of guardian spirit (around neck)
 u - a cursed ring of teleportation {unknown}
 v - an uncursed ring of positive energy {unknown}
Scrolls
 g - 2 scrolls of recharging {unknown}
 i - 3 scrolls of identify {unknown}
 s - a scroll of teleportation {unknown}
Potions
 d - a potion of lignification {unknown}
 e - a potion of heal wounds {unknown}
 k - 3 potions of flight
 l - a potion of invisibility {unknown}
 m - a potion of brilliance {unknown}
 n - a potion of degeneration {unknown}
Books
 q - a book of Changes

   Spells                             Type                      Level
   a - Beastly Appendage              Transmutation                1
   b - Sticks to Snakes               Transmutation                2
   c - Spider Form                    Transmutation/Poison         3
   d - Ice Form                       Ice/Transmutation            4
   e - Blade Hands                    Transmutation                5
Comestibles
 c - 5 meat rations
 j - a slice of pizza


   Skills:
 + Level 4.0 Fighting
 * Level 5.7 Short Blades
 * Level 4.6 Dodging
 * Level 4.2 Stealth


You had 4 spell levels left.
You didn't know any spells.

Dungeon Overview and Level Annotations

Branches:
Dungeon (4/15)
 Temple: D:4-7

Altars:
Makhleb
Sif Muna
Zin

Annotations:
D:3 Blork the orc


Innate Abilities, Weirdness & Mutations

You are small and have problems with some larger weapons.
You are carnivorous and can eat meat at any time.


Message History

The orc wizard casts a spell at you. The magic dart hits you!
* * * LOW HITPOINT WARNING * * *
The gnoll barely misses you. The gnoll hits you but does no damage.
Found a scroll labeled COOSAUL VUROBY and a blackened moonstone ring.
The orc wizard casts a spell.
You hear a shout!
The quokka barely misses you.
The orc wizard is no longer moving quickly.
You see here a blackened moonstone ring.
v - a blackened moonstone ring The quokka bites you.
* * * LOW HITPOINT WARNING * * *
It was a potion of flight.
You feel very buoyant.
You fly up into the air.
The quokka closely misses you.
The orc wizard casts a spell.
The orc wizard blinks!
The quokka bites you.
You die...

#...?.#.........?......
#..o.......#.##..##.
##o##.###...........
#g##.# .... #g##.# ...
#.##.. .. #.# .#
######r##.###.#
........@......#
#######.........
####...... .###.# # .


You could see 2 gnolls, an orc and a quokka.

Vanquished Creatures
  A scorpion (D:3)
  3 adders (D:3)
  3 oozes (D:2)
  A worm (D:2)
  A dart slug (D:1)
  2 leopard geckos
  2 orcs (D:3)
  A ball python (D:2)
  5 bats
  2 giant cockroaches (D:1)
  12 goblins
  5 hobgoblins
  6 jackals
  8 kobolds
  7 frilled lizards
  5 rats
64 creatures vanquished.

Notes
Turn   | Place    | Note
-------+----------+-------------------------------------------
     0 | D:1      | CanadianGator the Kobold Monk began the quest for the Orb.
     0 | D:1      | Reached XP level 1. HP: 14/14 MP: 1/1
   199 | D:1      | Reached XP level 2. HP: 17/19 MP: 2/2
   727 | D:1      | Reached XP level 3. HP: 20/23 MP: 3/3
   911 | D:2      | Found a glowing silver altar of Zin.
  1085 | D:2      | Reached skill level 5 in Short Blades
  1579 | D:2      | Reached XP level 4. HP: 28/28 MP: 4/4
  2353 | D:3      | Reached XP level 5. HP: 33/33 MP: 5/5
  2372 | D:3      | Noticed Blork the orc
  2381 | D:3      | Found a deep blue altar of Sif Muna.
  2990 | D:3      | Found a burning altar of Makhleb.
  3106 | D:4      | HP: 1/33 [orc wizard/magic dart (7)]
  3113 | D:4      | HP: 1/33 [quokka (1)]
  3116 | D:4      | Slain by a quokka

Skill      XL: |  1  2  3  4  5 |
---------------+----------------+-----
Stealth        | 3 4 |  4.2
Short Blades   | 5 |  5.7
Dodging        | 4 |  4.6
Fighting       | 4 |  4.0

Action                   |  1- 3 |  4- 6 || total
-------------------------+-------+-------++-------
Melee: Short sword       |    78 |   112 ||   190
       Dagger            |    70 |       ||    70
  Use: Potion            |       |     1 ||     1
 Stab: Sleeping          |     9 |     2 ||    11
  Eat: Chunk             |    10 |     3 ||    13
Armor: Robe              |     8 |     6 ||    14
Dodge: Dodged            |   102 |    99 ||   201
